 Dungeon Crawl Stone Soup version 0.31-a0-1370-gf52a5a9 (webtiles) character file.

Game seed: 1773251649692690052

322 gwaga3 the Shooter (level 6, -2/49 HPs)
             Began as a Formicid Hunter on Dec 23, 2023.
             Slain by Pargi the blink frog (10 damage)
             ... on level 4 of the Dungeon.
             The game lasted 00:05:10 (2659 turns).

gwaga3 the Shooter (Formicid Hunter)                Turns: 2659, Time: 00:05:10

Health: -2/49      AC:  4    Str: 15    XL:     6   Next: 76%
Magic:  6/6        EV: 11    Int:  9    God:
Gold:   144        SH:  4    Dex: 19    Spells: 5/5 levels left

rFire   . . .        a - +3 shortbow
rCold   . . .        q - +0 buckler
rNeg    . . .        c - +0 leather armour
rPois   .            (helmet unavailable)
rElec   .            n - +0 cloak
rCorr   .            (no gloves)
SInv    +            (no boots)
Will    .....        (no amulet)
Stlth   ++           (no ring)
HPRegen 0.28/turn    (no ring)
MPRegen 0.10/turn

%: no passive effects
@: no status effects
A: permanent stasis, dig shafts and tunnels, antennae 3, four strong arms
a: Dig, Shaft Self


You were on level 4 of the Dungeon.
You visited 1 branch of the dungeon, and saw 4 of its levels.

You collected 144 gold pieces.

Inventory:

Hand Weapons
 a - a +3 shortbow (weapon)
Missiles
 e - 18 poisoned darts
Armour
 c - a +0 leather armour (worn)
 n - a +0 cloak (worn)
 q - a +0 buckler (worn)
Wands
 t - a wand of polymorph (5)
Scrolls
 b - a scroll of butterflies
 d - a scroll of teleportation {unknown}
 k - 2 scrolls of revelation
 l - a scroll of silence
 p - 2 scrolls of identify
 r - a scroll of fog {unknown}
 u - a scroll of poison {unknown}
Potions
 f - a potion of haste {unknown}
 g - 3 potions of degeneration {unknown}
 h - a potion of invisibility {unknown}
 i - a potion of mutation {unknown}
 j - 2 potions of lignification {unknown}
 m - a potion of curing {unknown}
 o - a potion of cancellation {unknown}
 s - a potion of berserk rage {unknown}


   Skills:
 + Level 4.5 Fighting
 * Level 6.5 Ranged Weapons
 - Level 1.7 Dodging
 - Level 1.2 Stealth


You had 5 spell levels left.
You didn't know any spells.
Your spell library contained the following spells:

 Spells                   Type           Power      Damage    Failure   Level
 Frozen Ramparts          Ice            0%         1d1       91%         3
 Leda's Liquefaction      Alch/Erth      0%         N/A       100%        4
 Petrify                  Alch/Erth      0%         N/A       100%        4
 Metabolic Englaciation   Hex/Ice        0%         N/A       100%        5


Dungeon Overview and Level Annotations

Branches:
Dungeon (4/15)
 Temple: D:4-7

Altars:
Fedhas
Kikubaaqudgha
Okawaru
The Shining One

Shops:
D:4 *

Annotations:
D:3 1 runed translucent door, Crazy Yiuf
D:4 Pargi


Innate Abilities, Weirdness & Mutations

You cannot be hasted, slowed, berserked, paralysed or teleported.
You can dig through walls and to a lower floor.
You have a pair of large antennae on your head. (SInv)
Your four strong arms can wield two-handed weapons with a shield.


Message History

Pargi barely misses you.
You are too injured to fight recklessly!
You are too injured to fight recklessly!
You are too injured to fight recklessly!
You are too injured to fight recklessly!
Fire: a) +3 shortbow
Press: ? - help, Shift-Dir - straight line, f/p - Pargi
Aim: Pargi the blink frog (moderately wounded, 52% to hit)
You shoot an arrow. The arrow hits Pargi.
Pargi is moderately wounded.
Pargi barely misses you. Pargi misses you.
Fire: a) +3 shortbow
Press: ? - help, Shift-Dir - straight line, f/p - Pargi
Aim: Pargi the blink frog (moderately wounded, 52% to hit)
You shoot an arrow. The arrow hits Pargi!
Pargi is heavily wounded.
Pargi hits you but does no damage.
Fire: a) +3 shortbow
Press: ? - help, Shift-Dir - straight line, f/p - Pargi
Aim: Pargi the blink frog (heavily wounded, 52% to hit)
You shoot an arrow. The arrow misses Pargi.
You block Pargi's attack. x2
Fire: a) +3 shortbow
Press: ? - help, Shift-Dir - straight line, f/p - Pargi
Aim: Pargi the blink frog (heavily wounded, 52% to hit)
You shoot an arrow. The arrow closely misses Pargi.
Pargi hits you!
* * * LOW HITPOINT WARNING * * *
Fire: a) +3 shortbow
Press: ? - help, Shift-Dir - straight line, f/p - Pargi
Aim: Pargi the blink frog (moderately wounded, 52% to hit)
You shoot an arrow. The arrow misses Pargi.
Pargi barely misses you.
Pargi blinks!
Fire: a) +3 shortbow
Press: ? - help, Shift-Dir - straight line, f/p - Pargi
Aim: Pargi the blink frog (moderately wounded, 52% to hit)
You shoot an arrow. The arrow closely misses Pargi.
Fire: a) +3 shortbow
Press: ? - help, Shift-Dir - straight line, f/p - Pargi
Aim: Pargi the blink frog (moderately wounded, 52% to hit)
You shoot an arrow. The arrow closely misses Pargi.
Pargi hits you!
You die...

# ### ##.. #... ##..
~ #.. ####♣ ~~ ♣ #..
#...♣~~~P~~P ♣~#..
#@#♣♣~PP~~P~ ♣...
#F.♣~P~~~≈≈♣~♣♣...
##...♣~~~≈≈≈≈P~~...
#..♣♣P~≈≈≈≈≈≈≈~~♣..
#...♣~~≈≈≈≈≈≈~P~~..
#...♣~≈≈≈≈≈≈≈≈~~~..
#.#♣♣~≈~≈≈≈≈≈≈P~♣..
#.#♣~♣~≈≈≈≈≈≈≈≈~~♣.
##...♣~~~≈≈≈≈≈≈≈P♣..


You could see Pargi the blink frog.

Vanquished Creatures
  Grinder (D:3)
  Terence (D:3)
  5 adders
  2 worms
  2 dart slugs
  7 ball pythons
  6 bats
  4 endoplasms
  2 giant cockroaches
  5 goblins
  5 hobgoblins
  5 jackals
  A quokka (D:3)
  2 frilled lizards
  4 kobolds
  A rat (D:2)
53 creatures vanquished.

Notes
Turn   | Place    | Note
-------+----------+-------------------------------------------
     0 | D:1      | gwaga3 the Formicid Hunter began the quest for the Orb.
     0 | D:1      | Reached XP level 1. HP: 16/16 MP: 1/1
   462 | D:1      | Reached XP level 2. HP: 23/23 MP: 2/2
   505 | D:2      | Found a faded altar of an unknown god.
   526 | D:2      | Reached XP level 3. HP: 23/28 MP: 3/3
  1157 | D:3      | Reached XP level 4. HP: 35/35 MP: 4/4
  1228 | D:3      | Found a blossoming altar of Fedhas.
  1239 | D:3      | Reached skill level 5 in Ranged Weapons
  1378 | D:3      | Noticed Terence
  1395 | D:3      | Killed Terence
  1573 | D:3      | Noticed Grinder
  1585 | D:3      | Killed Grinder
  1586 | D:3      | Reached skill level 6 in Ranged Weapons
  1586 | D:3      | Reached XP level 5. HP: 13/43 MP: 5/5
  1586 | D:3      | Reached XP level 6. HP: 15/49 MP: 6/6
  1812 | D:3      | Found an ancient bone altar of Kikubaaqudgha.
  1861 | D:3      | Found a runed translucent door.
  1862 | D:3      | Noticed Crazy Yiuf
  1989 | D:3      | Found an iron altar of Okawaru.
  2312 | D:4      | Found Vefutzaf's CLEARANCE SALE!.
  2374 | D:4      | Found a glowing golden altar of the Shining One.
  2641 | D:4      | Noticed Pargi
  2652 | D:4      | Pargi changed into Pargi the blink frog
  2652 | D:4      | Noticed Pargi
  2659 | D:4      | Slain by Pargi the blink frog

Illustrated notes

Levels and vault maps discovered:
D:1:      nicolae_arrival_somewhat_less_tricky_arrival, layout_rooms
D:2:      layout_loops_cross, shapermc_ecumenical_altar_pompeii
D:3:      minmay_door_path, layout_basic, mainiacjoe_overflow_boulevard,
          grunt_temple_overflow_growth_and_decay, uniq_grinder,
          uniq_crazy_yiuf_cottage, uniq_terence
D:4:      layout_cave_pools, lemuel_crystal_altar, serial_bayou,
          serial_bayou_ford_a, serial_bayou_pond_c, serial_bayou_pond_c,
          serial_bayou_lake_a, nicolae_shop_clearance, uniq_pargi

Skill      XL: |  1  2  3  4 |
---------------+-------------+-----
Fighting       | 3 4 |  4.5
Ranged Weapons | 6 |  6.5
Dodging        | |  1.7
Stealth        | |  1.2

Action                     |  1- 3 |  4- 6 || total
---------------------------+-------+-------++-------
   Fire: Shortbow          |    71 |   119 ||   190
  Evoke: Wand              |       |     2 ||     2
    Use: Scroll            |     3 |     4 ||     7
 Armour: Leather armour    |    19 |    46 ||    65
  Dodge: Dodged            |    25 |    33 ||    58
  Block: Buckler           |       |     6 ||     6

Table legend: (Time is in decaauts)
 A = Elapsed time spent in this place.
 B = Non-inter-level travel time spent in this place.
 C = Inter-level travel time spent in this place.
 D = Time resting spent in this place.
 E = Time spent auto-exploring this place.
 F = Levels seen in this place.
 G = Mean time per level.
                   A        B        C        D        E       F      G
               +--------+--------+--------+--------+--------+-----+--------+
         Total |   2703 |   2638 |     65 |      0 |   2241 |   4 |  675.8 |
       Dungeon |   2703 |   2638 |     65 |      0 |   2241 |   4 |  675.8 |
               +--------+--------+--------+--------+--------+-----+--------+

Top non-repeatable levels by time:
     D:3: 1107 daAuts
     D:2: 654 daAuts
     D:1: 479 daAuts
     D:4: 462 daAuts
